 Dungeon Crawl Stone Soup version 0.22.1-57-g7394efd48c (webtiles) character file.

68 COOLMAO the Ducker (level 4, 0/44 HPs)
             Began as a Troll Fighter on Mar 18, 2019.
             Slain by a bat (1 damage)
             ... on level 3 of the Dungeon.
             The game lasted 00:19:03 (2168 turns).

COOLMAO the Ducker (Troll Fighter)                  Turns: 2168, Time: 00:19:04

Health: 0/44       AC:  5    Str: 25    XL:     4   Next: 1%
Magic:  3/3        EV:  5    Int:  4    God:
Gold:   85         SH: 13    Dex:  9    Spells: 3/3 levels left

rFire    + . .     SeeInvis .   a - +0 trident
rCold    x . .     Gourm    +   h - +0 large shield
rNeg     . . .     Faith    .   b - +0 robe
rPois    .         Spirit   .   (helmet restricted)
rElec    .         Reflect  .   (no cloak)
rCorr    .         Harm     .   (gloves unavailable)
MR       .....                  (boots unavailable)
Stlth    +.........             (no amulet)
HPRegen  0.54/turn              n - ring of fire
MPRegen  0.08/turn              (no ring)

@: lethally poisoned (0 -> -2), heavily drained
A: large, unfitting armour, claws 3, fast metabolism 3, gourmand, regeneration
1, shaggy fur 1, tough skin 2
a: no special abilities


You were on level 3 of the Dungeon.
You were hungry.

You visited 1 branch of the dungeon, and saw 3 of its levels.

You collected 85 gold pieces.

Inventory:

Hand Weapons
 a - a +0 trident (weapon)
 i - a +0 mace
 m - a +0 dagger of draining
Armour
 b - a +0 robe (worn)
 h - a +0 large shield (worn)
 o - a +0 leather armour
Jewellery
 n - a ring of fire (left claw)
Scrolls
 e - 3 scrolls of remove curse {unknown}
 k - a scroll of teleportation {unknown}
 l - 3 scrolls of identify {unknown}
Potions
 d - a potion of might
 g - a potion of cancellation {unknown}
 j - 2 potions of lignification {unknown}
Comestibles
 f - a ration


   Skills:
 + Level 2.6(1.4) Fighting
 + Level 2.1(0.9) Polearms
 + Level 3.1(1.9) Dodging
 + Level 3.0(1.8) Shields


You had 3 spell levels left.
You didn't know any spells.
Your spell library contained the following spells:

 Spells                   Type           Power        Failure   Level  Hunger
 Beastly Appendage        Tmut           #.....       100%        1    ##.....
 Sticks to Snakes         Tmut           #.......     100%        2    ###....
 Spider Form              Tmut/Pois      #.........   100%        3    ####...
 Ice Form                 Ice/Tmut       #.......     100%        4    #####..
 Blade Hands              Tmut           #.........   100%        5    ######.


Dungeon Overview and Level Annotations

Branches:
Dungeon (3/15)

Altars:
Cheibriados
Dithmenos
Xom


Innate Abilities, Weirdness & Mutations

You are too large for most types of armour.
You have claws for hands.
Your metabolism is lightning-fast.
You like to eat raw meat.
Your natural rate of healing is unusually fast.
You are covered in fur. (AC +1)
You have very tough skin. (AC +2)


Message History

You block the adder's attack. The bat barely misses you.
You block the adder's attack.
You barely miss the adder.
You feel sick. You block the bat's attack. x2
The bat hits you.
* * * LOW HITPOINT WARNING * * *
The adder barely misses you. The adder bites you.
* * * LOW HITPOINT WARNING * * *
You are more poisoned.
The adder poisons you!
You closely miss the adder.
You feel sick. You block the bat's attack. The adder barely misses you.
You block the adder's attack.
You closely miss the adder.
You feel sick. You block the bat's attack. The adder bites you.
* * * LOW HITPOINT WARNING * * *
The bat hits you.
* * * LOW HITPOINT WARNING * * *
You completely miss the adder.
* * * LOW HITPOINT WARNING * * *
You feel sick. The bat hits you.
You die...

# #.# #..#
#...#..........### #
##.#
##..####....###.....# #
#..# ....
...#.###.####### # #.##
##..###.#.....###.... #
#.. ##
#.................. #
#.. ...#
##......####.... ####..#
.#... ###.......S....
.....#
......######.##....#....
####....
......b@S...)..<##......
# #. ..
%......###.#######......
####... ....... #.#
....... ....?.. .......
... ....$..! .###.##
.#....# ##.## #####....
..##.# ####. ... ##..
#.#..# ## #.# #.
#.#..##########. #.# #
#.#.............


You could see an adder and a bat.

Vanquished Creatures
  An adder (D:2)
  6 dart slugs
  A leopard gecko (D:2)
  2 orcs
  3 giant cockroaches (D:2)
  3 goblins
  5 hobgoblins
  5 kobolds
  A quokka (D:3)
  A ball python (D:3)
  8 bats
  3 frilled lizards
  7 rats
46 creatures vanquished.

Notes
Turn   | Place    | Note
-------+----------+-------------------------------------------
     0 | D:1      | COOLMAO the Troll Fighter began the quest for the Orb.
     0 | D:1      | Reached XP level 1. HP: 22/22 MP: 0/0
   155 | D:1      | Found a shimmering altar of Xom.
   306 | D:1      | Reached XP level 2. HP: 29/29 MP: 1/1
   751 | D:1      | Found a sacrificial altar of Ru.
   751 | D:1      | Found a deep blue altar of Sif Muna.
   755 | D:1      | Found an ancient bone altar of Kikubaaqudgha.
   755 | D:1      | Found a shimmering altar of Xom.
   755 | D:1      | Found a glowing golden altar of the Shining One.
  1060 | D:2      | Reached XP level 3. HP: 32/36 MP: 2/2
  1308 | D:2      | Paralysed by fainting for 12 turns
  1414 | D:2      | Found a shadowy altar of Dithmenos.
  2028 | D:3      | Found a snail-covered altar of Cheibriados.
  2156 | D:3      | Reached XP level 4. HP: 13/44 MP: 3/3
  2167 | D:3      | HP: 2/44 [bat (1)]
  2168 | D:3      | Slain by a bat

Skill      XL: |  1  2  3 |
---------------+----------+-----
Dodging        | 3 |  3.1
Polearms       | 2 |  2.1
Shields        | 3 |  3.0
Fighting       | |  2.6

Action                   |  1- 3 |  4- 6 || total
-------------------------+-------+-------++-------
Melee: Trident           |   220 |     8 ||   228
  Use: Scroll            |     2 |       ||     2
       Potion            |     1 |       ||     1
  Eat: Ration            |     5 |       ||     5
Armor: Robe              |   171 |     3 ||   174
Dodge: Dodged            |    99 |     5 ||   104
Block: Shield            |    99 |       ||    99
       Large shield      |    97 |    14 ||   111
